[Event "45th FIDE Olympiad 2024"]
[Site "Budapest"]
[Date "2024.09.12"]
[Round "2.47"]
[White "Agopov, Mikael"]
[Black "Mamedov, Rauf"]
[Result "0-1"]
[ECO "B57"]
[WhiteElo "2451"]
[BlackElo "2637"]
[Annotator "TA"]
[PlyCount "64"]
[EventDate "2024.09.05"]
[EventType "team-tourn"]
[EventCountry "HUN"]
[SourceTitle "playchess.com"]
[Source "ChessBase"]
[SourceQuality "1"]
[WhiteTeam "Finland"]
[BlackTeam "Azerbaijan"]
[WhiteTeamCountry "FIN"]
[BlackTeamCountry "AZE"]
[TimeControl "40/5400+30:1800+30"]

1. e4 c5 2. Nf3 Nc6 3. d4 cxd4 4. Nxd4 Nf6 5. Nc3 d6 6. Bc4 Bd7 7. f3 Nxd4 8. Qxd4 g6 9. Be3 Bg7 {[%emt 0:01:41] White has an edge.} 10. O-O-O O-O 11. Qd2 (11. Qd3 $5) 11... Qc7 12. Bb3 a5 {[%emt 0:04:17][%cal Ba7a5,Ba5a4,Ba4a3][%mdl 32] aiming for ...a4.} 13. a4 {[%emt 0:07:55] [#]} b5 $1 14. axb5 a4 15. b6 (15. Bxa4 $11 Nxe4 16. fxe4 Bxc3 17. Qxc3 Qxc3 18. bxc3 Rxa4 19. b6) 15... Qb8 $1 $15 16. Ba2 a3 17. e5 dxe5 18. Ne4 (18. b4 $142) 18... Bf5 19. Qb4 {[%emt 0:01:07][%csl LRa3,LRe7] And now Nxf6+ would win.} Bxe4 20. fxe4 Qb7 {[%emt 0:00:25] ...e6 would now be deadly.} 21. bxa3 {[%emt 0:02:05] [#]} e6 {[%emt 0:01:33][%cal Of8c8] Dodges Bd5} 22. Rd3 {[%emt 0:08:32] [#]} Rfc8 $1 23. Rhd1 (23. Qb5 $17 {is a better defense.}) 23... Bf8 $1 $19 24. Qb2 Nxe4 25. Kb1 (25. Qxe5 Bg7 (25... Rxa3 $2 26. Bd4 $18) (25... Bxa3+ $2 26. Rxa3 Qc6 27. Rd8+ Rxd8 28. Bh6 $18) 26. Bd5 (26. Rd7 $2 Rxc2+ 27. Kb1 Bxe5 $19) 26... exd5 27. Qxd5 Qxd5 (27... Rc6 $2 28. Qb3 $19) 28. Rxd5 Bf8 $19 (28... Rxa3 $2 29. Rd8+ Bf8 30. Rxc8 $18)) (25. Rd7 Qc6 26. R7d3 (26. Qxe5 $2 Qxc2#) (26. b7 $2 Bxa3 27. bxc8=Q+ Rxc8 $19) 26... Rab8 $19 (26... Bxa3 27. Rxa3 Rxa3 28. b7 $19)) 25... Nc5 26. Bxc5 Bxc5 27. Rb3 $2 (27. Rd7 $17 Qxb6 28. Qxb6 Bxb6 29. Rf1) 27... Ra6 (27... Qxg2 $2 {is the wrong capture.} 28. b7 (28. Qxe5 $2 Bxb6 29. c3 Bc7 $19) 28... Bd4 29. c3 $18 (29. bxa8=R Rxa8 30. c3 Qf3 $18) (29. bxa8=Q Rxa8 30. c3 Qf3 $18) (29. bxc8=R+ Rxc8 30. c3 Qf3 $18)) 28. Qxe5 Rxb6 29. a4 Bf8 {[%emt 0:03:09][%cal Ob7g2] Threatens to win with ...Qxg2!} ({But not} 29... Qxg2 30. Rxb6 Bxb6 31. Bb3) 30. Qg5 {[%emt 0:01:58] [#]} (30. Rxb6 $17 Qxb6+ 31. Bb3) 30... Qe4 $1 {[%emt 0:00:41][%csl LRa4,LRc2] Black is clearly winning.} 31. Qd2 (31. Rdd3 Ra6) 31... Rbc6 32. Rc1 (32. Rd3 $142 Rxc2 (32... Qxa4 $2 33. Bb3 $19) 33. Qxc2 Rxc2 34. Kxc2) 32... Qxa4 {[%emt 0:00:10] Weighted Error Value: White=0.57/Black=0.22 (precise) .  Loses game:     	White=1     	---        Mistake:       	White=6     	---        Inaccurate:     	White=1     	Black=1      OK:         	White=9     	Black=13     Strong:       	---       	Black=3      Brilliant:      	---       	Black=1} 0-1

[Event "45th FIDE Olympiad 2024"]
[Site "Budapest"]
[Date "2024.09.12"]
[Round "2.47"]
[White "Jones, Rupert"]
[Black "Gavarrete, Joel"]
[Result "0-1"]
[ECO "B24"]
[WhiteElo "1849"]
[BlackElo "2059"]
[Annotator "NA"]
[PlyCount "180"]
[EventDate "2024.09.05"]
[EventType "team-tourn"]
[EventCountry "HUN"]
[SourceTitle "playchess.com"]
[Source "ChessBase"]
[SourceQuality "1"]
[WhiteTeam "Papua New Guinea"]
[BlackTeam "Honduras"]
[WhiteTeamCountry "PNG"]
[BlackTeamCountry "HON"]
[TimeControl "40/5400+30:1800+30"]

1. e4 c5 2. Nc3 e6 3. g3 Nc6 4. Bg2 d6 5. d3 Nf6 6. Nge2 Be7 7. O-O O-O 8. f4 a6 9. h3 Qc7 10. g4 b5 11. Ng3 Rb8 12. g5 Nd7 13. Nce2 f6 14. h4 Nb6 15. c3 d5 16. f5 dxe4 17. Bxe4 e5 18. Nh5 Bb7 19. gxf6 gxf6 20. Bh6 Rf7 21. Kh2 Kh8 22. Rg1 Bf8 23. Bxf8 Rbxf8 24. Qd2 Ne7 25. Rg4 Qd7 26. Bxb7 Qxb7 27. Rf1 Rg8 28. Rxg8+ Nxg8 29. Neg3 Rd7 30. Qe2 Qd5 31. Rd1 c4 32. d4 b4 33. Ne4 exd4 34. Rxd4 Qe5+ 35. Neg3 Rxd4 36. cxd4 Qxd4 37. Qe6 c3 38. Qf7 Qd7 39. Qb3 Qd2+ 40. Kh3 c2 41. Qf7 Qd7 42. Qxd7 Nxd7 43. Ne2 Ne7 44. Kg4 Ne5+ 45. Kf4 Nd3+ 46. Ke4 c1=Q 47. Nxc1 Nxc1 48. a3 bxa3 49. bxa3 Ne2 50. Nxf6 Ng3+ 51. Kd3 Ngxf5 52. Kc4 Nc8 53. Kb4 Nb6 54. Nxh7 Kxh7 55. Ka5 Nc4+ 56. Kxa6 Nxa3 57. Kb6 Nh6 58. Kc5 Kg7 59. h5 Kf6 60. Kb4 Nb1 61. Kc5 Ke5 62. Kc4 Nd2+ 63. Kc3 Ne4+ 64. Kc4 Kf5 65. Kd3 Ke5 66. Kc4 Kf4 67. Kd5 Ng5 68. Kc4 Ke4 69. Kc3 Kd5 70. Kb4 Ne4 71. Kb5 Nc3+ 72. Kb4 Kd4 73. Kb3 Nd5 74. Kc2 Ke3 75. Kb3 Kd3 76. Kb2 Nc7 77. Kb3 Na6 78. Kb2 Nc5 79. Ka3 Kc3 80. Ka2 Nd3 81. Ka3 Nb2 82. Ka2 Nc4 83. Kb1 Kd2 84. Ka2 Kc2 85. Ka1 Nf5 86. h6 Nd4 87. h7 Nb3+ 88. Ka2 Nc1+ 89. Ka1 Nd2 90. h8=Q Ndb3# 0-1

[Event "45th FIDE Olympiad 2024"]
[Site "Budapest"]
[Date "2024.09.12"]
[Round "2.48"]
[White "Muradli, Mahammad"]
[Black "Lahdelma, Henri"]
[Result "1-0"]
[ECO "D24"]
[WhiteElo "2576"]
[BlackElo "2331"]
[Annotator "TA"]
[PlyCount "71"]
[EventDate "2024.09.05"]
[EventType "team-tourn"]
[EventCountry "HUN"]
[SourceTitle "playchess.com"]
[Source "ChessBase"]
[SourceQuality "1"]
[WhiteTeam "Azerbaijan"]
[BlackTeam "Finland"]
[WhiteTeamCountry "AZE"]
[BlackTeamCountry "FIN"]
[TimeControl "40/5400+30:1800+30"]

1. d4 Nf6 2. c4 e6 3. Nf3 d5 4. Nc3 dxc4 5. e4 Bb4 6. Bxc4 c5 ({Better is} 6... Nxe4 $11 7. O-O Bxc3 (7... Nxc3 8. bxc3 Bd6 9. Bb2 $11) 8. bxc3 Nxc3) 7. O-O $14 cxd4 8. Nxd4 {[%emt 0:01:09] And now Qa4+ would win. White is better.} O-O 9. e5 Nfd7 10. f4 (10. Re1 $16) 10... Nb6 11. Bb3 Bc5 12. Be3 Nc6 {[%emt 0:00:30] [#]} 13. Nf5 Bxe3+ 14. Nxe3 Nd4 15. Qh5 Nxb3 16. axb3 Bd7 17. Rad1 Qe8 (17... Qe7 $11) 18. Qh4 {[%emt 0:07:57] White has more active pieces.} (18. Rd6 $14) 18... Bc6 $11 19. Ng4 {[%emt 0:15:03][%cal Og4f6] aiming for Nf6+!} Rd8 20. Rfe1 {[%emt 0:00:11][%cal Of4f5] Black must now prevent f5!} Rxd1 21. Rxd1 Nd7 {[%emt 0:01:18] Wards off Nf6+} 22. b4 a6 23. Nf6+ gxf6 24. Rd3 Bxg2 25. Qh6 $1 $18 Kh8 26. Rxd7 {[%emt 0:00:07] Black is weak on the dark squares} Bh3 {[%emt 0:03:56][%cal Bg2h3,Bh3f5,Bf5g6][%mdl 32] Strongly threatening ...Rg8+.} 27. Qxf6+ $40 {[%emt 0:01:31][%mdl 128] White is out for blood.} (27. Rxb7 fxe5 (27... Rg8+ $2 28. Kf2 $18) 28. Qxh3 Qc6 $16) 27... Kg8 28. Qg5+ ({Worse is} 28. Rxb7 Qc6 29. Qg5+ Kh8 30. Qf6+ Kg8 31. Qg5+ Kh8 32. Qf6+ Kg8 $11) 28... Kh8 {[%emt 0:00:04] ...Rg8 is the strong threat.} 29. Qf6+ (29. Rxb7 $2 {loses.} Rg8 30. Kf2 Rxg5 $19) 29... Kg8 {[%emt 0:00:02] [#]} 30. Rd3 $1 {[%emt 0:01:16] White wants to mate with Rg3+.} ({Not} 30. Rxb7 Qc6 31. Qg5+ Kh8 $11) 30... Bf5 31. Rg3+ Bg6 {[%emt 0:00:06] [#]} 32. f5 (32. h4 $1 $18 ) 32... exf5 $2 {[%emt 0:01:07][%mdl 8192] This move loses the game for Black.} (32... Qc6 $16) 33. Nd5 $1 h6 34. e6 {[%emt 0:00:09][%cal Be5e6,Be6e7,Be7f8][%mdl 32] White mates.} Kh7 35. e7 f4 36. exf8=N+ {[%emt 0:00:22] Weighted Error Value: White=0.36/Black=0.52.  Loses game:     	---       	Black=4      Mistake:       	White=3     	Black=2      Inaccurate:     	White=2     	Black=3      OK:         	White=8     	Black=7      Best:        	White=2     	Black=6      Strong:       	White=3     	---} 1-0

[Event "45th FIDE Olympiad 2024"]
[Site "Budapest"]
[Date "2024.09.12"]
[Round "2.49"]
[White "Shirov, Alexei"]
[Black "Maksimovic, Bojan"]
[Result "1-0"]
[ECO "E90"]
[WhiteElo "2666"]
[BlackElo "2503"]
[Annotator "TA"]
[PlyCount "70"]
[EventDate "2024.09.05"]
[EventType "team-tourn"]
[EventCountry "HUN"]
[SourceTitle "playchess.com"]
[Source "ChessBase"]
[SourceQuality "1"]
[WhiteTeam "Spain"]
[BlackTeam "Bosnia & Herzegovina"]
[WhiteTeamCountry "ESP"]
[BlackTeamCountry "BIH"]
[TimeControl "40/5400+30:1800+30"]

1. d4 Nf6 2. c4 g6 3. Nc3 Bg7 4. e4 d6 5. h3 Nbd7 6. Nf3 e5 7. d5 Nc5 8. Qc2 Nh5 {[%emt 0:00:48] White is slightly better.} 9. b4 Nd7 {[%emt 0:00:09] [#]} 10. c5 $1 O-O 11. c6 (11. Be3 $14) 11... bxc6 $11 12. dxc6 Nb6 13. a4 {[%emt 0:01:25] And now a5 would win.} a5 $1 14. bxa5 Rxa5 15. Bg5 Bf6 16. Be3 d5 {[%emt 0:08:14] [#] Threatens to win with ...d4.} 17. Bxb6 cxb6 18. Bb5 $1 (18. exd5 $2 e4 19. Nd2 e3 $19) (18. Nxd5 $2 Rxd5 19. exd5 e4 $19) 18... Nf4 19. g3 dxe4 $1 20. Nxe4 Nxh3 (20... Ne6 $1 $14) 21. Rd1 ({White should try} 21. c7 Qe7 22. Qc6) 21... Qe7 $16 22. Kf1 Ng5 23. Nfxg5 Bxg5 24. Kg2 Bf5 25. Qe2 $36 {[%emt 0:03:07][%mdl 2048] Black is under pressure.} Ra7 26. Rhe1 h5 $2 {[%emt 0:05:09][%mdl 8192] This move loses the game for Black.} (26... Bf6 $14) 27. Nxg5 $18 {[%emt 0:02:54] White has a decisive advantage.} Qxg5 28. Qxe5 h4 29. c7 hxg3 30. fxg3 {[%emt 0:00:41] Kg1 is the strong threat.} Raa8 31. Rd4 Qh6 32. Rh1 {[%emt 0:00:34] Active counter play!} Qg7 33. Qd6 Rac8 34. Rdh4 {[%emt 0:00:33] Against Rxc7. Hoping for Rh8+.} (34. Qxb6 Rxc7 35. Qd6 Rc2+ 36. Kg1 Be6 $15) 34... Qb2+ 35. Kf3 Qc3+ $2 {[%emt 0:02:31] Weighted Error Value: White=0.10 (very precise) /Black=0.19 (very precise) .  Loses game:     	---       	Black=1      Mistake:       	White=2     	Black=2      Inaccurate:     	White=1     	Black=2      OK:         	White=18    	Black=15     Best:        	White=2     	Black=1      Strong:       	White=1     	Black=2      Brilliant:      	White=1     	---} (35... Be6 36. g4 (36. Qxb6 Bd5+ 37. Kf4 g5+ 38. Kg4 gxh4 $19) (36. Rh8+ Kg7 $16) 36... Qb3+ (36... Qc3+ $2 37. Bd3 $18) 37. Kf2 (37. Kf4 g5+ 38. Kxg5 Qe3+ 39. Kf6 Qc3+ 40. Kg5 Qe3+ 41. Kf6 Qc3+ 42. Qe5 Qf3+ $11) 37... Qd5 38. Rh8+ (38. Qxb6 Qd2+ 39. Be2 Rfe8 $18) 38... Kg7 39. Qxd5 (39. Qxb6 $2 Rxh8 $19) 39... Bxd5 40. Rxf8 Rxf8) 1-0

[Event "45th FIDE Olympiad 2024"]
[Site "Budapest"]
[Date "2024.09.12"]
[Round "2.49"]
[White "Mehrad, Ahmad Tamim"]
[Black "Kudakwashe, Chinake"]
[Result "1-0"]
[ECO "B12"]
[WhiteElo "2015"]
[BlackElo "1859"]
[Annotator "NA"]
[PlyCount "77"]
[EventDate "2024.09.05"]
[EventType "team-tourn"]
[EventCountry "HUN"]
[SourceTitle "playchess.com"]
[Source "ChessBase"]
[SourceQuality "1"]
[WhiteTeam "Afghanistan"]
[BlackTeam "Cayman Islands"]
[WhiteTeamCountry "AFG"]
[BlackTeamCountry "CAY"]
[TimeControl "40/5400+30:1800+30"]

1. e4 c6 2. d4 d5 3. e5 Bf5 4. Ne2 e6 5. Ng3 Bg6 6. h4 f6 7. h5 Bf7 8. exf6 Nxf6 9. h6 g6 10. Bg5 Nbd7 11. Nd2 Qb6 12. Nb3 a5 13. a4 Be7 14. Bd3 Bb4+ 15. c3 Bd6 16. O-O O-O 17. Qc2 e5 18. dxe5 Bxe5 19. Ne2 Ng4 20. Nbd4 c5 21. Bb5 Ndf6 22. Nf3 Bc7 23. Bxf6 Qxf6 24. Qd2 Be6 25. Ng5 Rad8 26. f3 Qe5 27. f4 Qf6 28. Rae1 Nxh6 29. Nxe6 Qxe6 30. Nd4 Qb6 31. Ne6 c4+ 32. Kh1 Rf5 33. g4 Nxg4 34. Qd4 Rh5+ 35. Kg2 Rd7 36. Qxb6 Bxb6 37. Bxd7 Rh2+ 38. Kg3 h5 39. Nd4 1-0

[Event "45th FIDE Olympiad 2024"]
[Site "Budapest"]
[Date "2024.09.12"]
[Round "2.50"]
[White "Burovic, Rijad"]
[Black "Anton Guijarro, David"]
[Result "0-1"]
[ECO "B12"]
[WhiteElo "2426"]
[BlackElo "2665"]
[Annotator "TA"]
[PlyCount "70"]
[EventDate "2024.09.05"]
[EventType "team-tourn"]
[EventCountry "HUN"]
[SourceTitle "playchess.com"]
[Source "ChessBase"]
[SourceQuality "1"]
[WhiteTeam "Bosnia & Herzegovina"]
[BlackTeam "Spain"]
[WhiteTeamCountry "BIH"]
[BlackTeamCountry "ESP"]
[TimeControl "40/5400+30:1800+30"]

1. e4 c6 2. d4 d5 3. e5 Bf5 4. h4 h6 5. g4 Be4 6. f3 $1 Bh7 7. Bd3 Bxd3 8. Qxd3 e6 {[%emt 0:00:08] The position is equal.} 9. h5 c5 10. c3 Nc6 11. Ne2 Nge7 12. f4 f5 13. exf6 gxf6 14. dxc5 Rg8 15. Rg1 Qd7 16. Na3 e5 17. Nb5 {[%emt 0:15:17] [#] Strongly threatening Nd6+.} O-O-O $1 18. Nd6+ Kb8 19. f5 Nc8 20. Qxd5 Bxd6 21. cxd6 Qg7 (21... Nb6 $2 22. Qc5 $18) 22. Bd2 (22. Be3 Nxd6 23. Qf3 Nf7 $11 (23... Nc4 24. b3 $14)) 22... Nxd6 23. O-O-O Nxf5 $1 24. Qc5 (24. Qf3 $14 Nfe7 25. Rdf1) 24... Nd6 25. Be3 Ne4 26. Qc4 Qh7 $1 (26... Rxd1+ 27. Rxd1 Qh7 (27... Qxg4 $2 28. Rg1 $18) 28. Qe6 $14 (28. Rd7 Qxd7 29. Qxg8+ Kc7 $11)) 27. Rxd8+ Rxd8 28. Ng3 Nxg3 29. Rxg3 f5 $1 30. gxf5 Qxf5 {[%emt 0:00:08][%cal Oc6d4] aiming for ...Nd4!} 31. Qe2 (31. Bxh6 $2 Qxh5 32. Kb1 (32. Bd2 $2 Qh1+ 33. Kc2 Rxd2+ 34. Kxd2 Qh2+ 35. Qe2 Qxg3 $19) 32... Qxh6 $19) 31... Nd4 $1 $40 {[%emt 0:13:03][%mdl 128] Black mounts an attack.} 32. Qg2 (32. cxd4 $2 Rc8+ 33. Kd2 (33. Kd1 Qb1+ 34. Kd2 Rc2+ 35. Kd3 Rc1+ 36. Kd2 Qc2#) 33... Rc2+ 34. Ke1 Rxe2+ 35. Kxe2 Qxh5+ 36. Kf2 b6 37. dxe5 Qxe5 $19) 32... Nc2 $2 {[%emt 0:06:28] [#]} 33. Rg8 $2 (33. Qxc2 $2 Qf1+) (33. Bxh6 $2 Ne1 (33... Qxh5 $2 34. Bd2 $18) 34. Qe2 Nd3+ 35. Rxd3 Rxd3 $19) (33. Rg7 $2 Rd1+ (33... Nxe3 34. Qxb7#) 34. Kxd1 Nxe3+ 35. Kd2 Nxg2 $19) (33. Bd2 $1 $18 Na1 34. Bxh6 Qxh5 35. Bd2) 33... Nxe3 $11 34. Rxd8+ Kc7 35. Qd2 (35. Qe2 $11 Kxd8 36. Qxe3 Qxh5 37. Qd3+ (37. Qxa7 Qh1+ 38. Kd2 Kd7 $11) 37... Ke7 38. Qh7+ Kf6 (38... Qf7 39. Qxh6 Qd5 40. Qh4+ Ke6 41. Qh6+ Kd7 42. Qh7+ Kc6 43. Qg6+ Kc7 44. Qg7+ Kb8 45. Qf8+ Kc7 46. Qe7+ Kb6 47. Qf6+ Kc7 48. Kc2 $11) 39. Qxb7) 35... Qf1+ {[%emt 0:00:12] Weighted Error Value: White=0.28 (precise) /Black=0.13 (very precise) .  Loses game:     	White=1     	Black=1      Missed win:     	White=1     	---        Mistake:       	White=1     	---        Inaccurate:     	White=2     	---        OK:         	White=12    	Black=10     Best:        	White=5     	Black=5      Strong:       	---       	Black=5} ({Weaker is} 35... Qxh5 36. Qd6#) 0-1

[Event "45th FIDE Olympiad 2024"]
[Site "Budapest"]
[Date "2024.09.12"]
[Round "2.50"]
[White "Young, Christopher"]
[Black "Haidary, Hameedullah"]
[Result "0-1"]
[ECO "E77"]
[WhiteElo "1758"]
[BlackElo "2192"]
[Annotator "ChessBase"]
[PlyCount "82"]
[EventDate "2024.09.05"]
[EventType "team-tourn"]
[EventCountry "HUN"]
[SourceTitle "playchess.com"]
[Source "ChessBase"]
[SourceQuality "1"]
[WhiteTeam "Cayman Islands"]
[BlackTeam "Afghanistan"]
[WhiteTeamCountry "CAY"]
[BlackTeamCountry "AFG"]
[TimeControl "40/5400+30:1800+30"]

1. d4 Nf6 2. c4 g6 3. Nc3 Bg7 4. e4 d6 5. f4 O-O 6. Nf3 c5 7. d5 e6 8. Be2 exd5 9. e5 dxe5 10. fxe5 Ng4 11. Bg5 Qa5 12. cxd5 Nxe5 13. O-O Nbd7 14. d6 f6 15. Bf4 c4 16. Bxe5 fxe5 17. Bxc4+ Kh8 18. Qd5 Qb6+ 19. Kh1 Nf6 20. Qb5 Qxd6 21. Rad1 Qc7 22. Nd5 Nxd5 23. Bxd5 Bg4 24. h3 Bxf3 25. Bxf3 Rf7 26. Bd5 Re7 27. b3 e4 28. Rc1 Qe5 29. Qc4 e3 30. Bf3 Rd8 31. Rfe1 h5 32. Rc2 Bf6 33. Rce2 Bg5 34. Qb4 Rd4 35. Qa3 a6 36. Qb2 Kh7 37. Rc1 Qd6 38. Qc2 Kh6 39. Kg1 Bf4 40. Qc3 h4 41. Qc2 Rc7 0-1

[Event "45th FIDE Olympiad 2024"]
[Site "Budapest"]
[Date "2024.09.12"]
[Round "2.51"]
[White "Pichot, Alan"]
[Black "Culum, Sanjin"]
[Result "1-0"]
[ECO "B51"]
[WhiteElo "2628"]
[BlackElo "2409"]
[Annotator "TA"]
[PlyCount "137"]
[EventDate "2024.09.05"]
[EventType "team-tourn"]
[EventCountry "HUN"]
[SourceTitle "playchess.com"]
[Source "ChessBase"]
[SourceQuality "1"]
[WhiteTeam "Spain"]
[BlackTeam "Bosnia & Herzegovina"]
[WhiteTeamCountry "ESP"]
[BlackTeamCountry "BIH"]
[TimeControl "40/5400+30:1800+30"]

1. e4 c5 2. Nf3 d6 3. Bb5+ Nd7 4. O-O a6 5. Be2 Ngf6 6. d3 g6 7. c4 Bg7 8. Nc3 {[%emt 0:00:08] White has an edge.} Ne5 9. Nxe5 dxe5 10. Be3 Nd7 11. Rb1 O-O 12. b4 cxb4 $1 13. Rxb4 e6 14. Na4 Qa5 15. Bd2 {[%emt 0:21:13][%cal Ob4b6] Threatens to win with Rb6!} Qc7 {[%emt 0:01:11][%cal Ob7b5] [#]} (15... b5 $2 16. Rxb5 axb5 17. Bxa5 $18) 16. c5 $1 Nb8 (16... Nxc5 17. Qc1 a5 18. Rb2 $18 (18. Qxc5 $2 Qxc5 19. Nxc5 axb4 $19)) (16... Ra7 17. Be3) 17. Nb6 Ra7 18. Be3 $36 {[%emt 0:02:03][%mdl 2048] White has some pressure.} Nc6 19. Rc4 Rd8 20. Qd2 Nd4 21. f4 Bd7 (21... exf4 $11 {remains equal.} 22. Bxf4 (22. Rxf4 e5 $11) 22... e5) 22. fxe5 $16 Nxe2+ 23. Qxe2 {[%emt 0:00:06] Black is weak on the dark squares} Bb5 {[%emt 0:02:06] [#]} 24. d4 a5 (24... Bxc4 25. Qxc4) 25. Qf3 Ra6 {[%emt 0:01:42][%cal Oa6b6] [#]} 26. Rcc1 Bxf1 27. Rxf1 (27. Kxf1 Rxd4 (27... Rxb6 28. cxb6 Qxb6 29. g3 $11) 28. Bxd4 Rxb6 $17 (28... Bxe5 $2 29. Be3 $18)) 27... Rf8 28. d5 {[%emt 0:03:54] White has more active pieces.} (28. Rb1 $16) 28... Bxe5 $11 29. d6 Qc6 30. Nc4 Bg7 31. e5 {[%emt 0:00:13] Hoping for Qxc6.} Qd5 32. Nb6 {[%emt 0:04:01] [#]} (32. Qg4 $11) 32... Rxb6 (32... Qxa2 $2 33. Nd7 (33. Qxb7 Qe2 $16) 33... Raa8 34. Nxf8 (34. Qxb7 Qe2 $18) 34... Rxf8 35. Bg5 (35. Qxb7 Bxe5 36. d7 Qa3 $18) 35... Bxe5 36. Be7 $18 (36. Qxb7 Qc4 $11) (36. d7 Qd5 $18)) (32... Qxf3 $1 $17 33. gxf3 Rxb6 34. cxb6 Bxe5) 33. cxb6 (33. Qxd5 $15 exd5 34. cxb6 Bxe5 35. Rd1) 33... Bxe5 ({Black should play} 33... Qxf3 $1 $17 34. Rxf3 (34. gxf3 Bxe5 35. d7 Rd8 $15) 34... Bxe5) 34. Rd1 (34. Qxd5 $15 exd5 35. Rd1) 34... Qxf3 $17 35. gxf3 {[%emt 0:00:05][%cal Bg2f3,Bf3f4][%mdl 4128] Endgame. KRB-KRB} Rd8 36. d7 f6 37. f4 Bb8 (37... Bb2 $1 $17 {Strongly threatening ...Kf7.} 38. Kf2 Kf7) 38. Rc1 $1 $11 Kf7 $1 39. Rc7 {[%emt 0:00:13][%cal Oe3c5] And now Bc5! would win.} e5 $1 40. Rxb7 (40. fxe5 $5 Ke6 $8 41. Rxb7 Bxe5 42. Ra7 $11) 40... Ke6 41. fxe5 Bxe5 42. Ra7 Rxd7 43. Rxa5 Rd1+ 44. Kg2 Rb1 45. a4 Rb3 46. Kf2 f5 {[%emt 0:01:48] [#]} (46... Rb2+ $11 47. Kf1 h5) 47. Rxe5+ $1 $16 Kxe5 {[%emt 0:00:13] KR-KB} 48. a5 f4 $2 {[%emt 0:02:31][%mdl 8192] A mistake that costs the game.} (48... Kd5 $16 49. a6 Kc6 (49... f4 $2 50. a7 $18)) 49. Bc5 $18 Kd5 {[%emt 0:01:05] [#]} 50. a6 $1 Kc6 {[%emt 0:07:41][%cal Ob3b6] [#] ...Rxb6! is the strong threat.} (50... Kxc5 51. a7 $18) (50... Rb2+ 51. Kf3) 51. b7 {[%emt 0:00:00] aiming for Bd4.} (51. Bd4 $2 Rxb6 52. a7 Ra6 $19) 51... g5 {[%emt 0:07:24] [#]} ({Much weaker is} 51... Kxc5 52. a7 Rxb7 (52... Rb2+ $2 53. Kf3 $18) 53. a8=Q (53. a8=B $2 {perishes.} Rb8 $19) 53... Rb2+ 54. Kg1) (51... Kc7 $142 52. Bd6+ Kxd6) 52. Bd6 $1 Rb2+ 53. Kf1 Rb1+ 54. Ke2 Rb2+ 55. Kd3 Rb3+ 56. Kc4 Rxb7 57. axb7 {[%emt 0:00:07] White mates.} Kxb7 {[%emt 0:00:02] KB-K3P} 58. Kd5 Kc8 59. Ke6 h6 60. Kf5 Kd7 61. Bb8 Ke7 62. Kg6 Ke6 63. Bc7 Ke7 64. Kxh6 Kf6 65. Kh5 Kf5 66. h3 f3 67. Bg3 f2 68. Bxf2 Kf4 69. Be1 {[%emt 0:00:12] Weighted Error Value: White=0.15 (very precise) /Black=0.39.  Loses game:     	---       	Black=1      Mistake:       	White=5     	Black=6      Inaccurate:     	White=2     	Black=5      OK:         	White=15    	Black=17     Best:        	White=4     	Black=1      Strong:       	White=2     	Black=3      Brilliant:      	White=2     	---} 1-0

[Event "45th FIDE Olympiad 2024"]
[Site "Budapest"]
[Date "2024.09.12"]
[Round "2.51"]
[White "Asefi, Zaheeruddeen"]
[Black "Shaw, Clifford"]
[Result "1-0"]
[ECO "A96"]
[WhiteElo "1947"]
[BlackElo "1744"]
[Annotator "NA"]
[PlyCount "59"]
[EventDate "2024.09.05"]
[EventType "team-tourn"]
[EventCountry "HUN"]
[SourceTitle "playchess.com"]
[Source "ChessBase"]
[SourceQuality "1"]
[WhiteTeam "Afghanistan"]
[BlackTeam "Cayman Islands"]
[BlackTeamCountry "CAY"]
[TimeControl "40/5400+30:1800+30"]

1. d4 e6 2. c4 f5 3. g3 Nf6 4. Bg2 Be7 5. Nc3 O-O 6. Qc2 d6 7. Nf3 a5 8. O-O Nc6 9. Rd1 Qe8 10. Nb5 Bd8 11. a3 e5 12. dxe5 dxe5 13. Be3 Qh5 14. Bc5 Re8 15. Nd2 e4 16. Nf1 f4 17. Bd4 f3 18. exf3 exf3 19. Bh1 Re2 20. Qb3 Bg4 21. Nc3 Nxd4 22. Rxd4 Be7 23. Qxb7 Rf8 24. b4 c5 25. Rd3 cxb4 26. Nxe2 fxe2 27. Qxe7 exf1=Q+ 28. Rxf1 Be2 29. Rd8 Re8 30. Bd5+ 1-0

[Event "45th FIDE Olympiad 2024"]
[Site "Budapest"]
[Date "2024.09.12"]
[Round "2.52"]
[White "Marjanovic, Dejan"]
[Black "Santos Latasa, Jaime"]
[Result "1/2-1/2"]
[ECO "A46"]
[WhiteElo "2365"]
[BlackElo "2624"]
[Annotator "TA"]
[PlyCount "90"]
[EventDate "2024.09.05"]
[EventType "team-tourn"]
[EventCountry "HUN"]
[SourceTitle "playchess.com"]
[Source "ChessBase"]
[SourceQuality "1"]
[WhiteTeam "Bosnia & Herzegovina"]
[BlackTeam "Spain"]
[WhiteTeamCountry "BIH"]
[BlackTeamCountry "ESP"]
[TimeControl "40/5400+30:1800+30"]

1. d4 Nf6 2. Nf3 e6 3. Bg5 h6 4. Bh4 c5 5. e3 cxd4 6. exd4 Be7 7. Nbd2 Nc6 8. c3 O-O 9. Bd3 Nh5 10. Bxe7 Nxe7 11. O-O Nf4 12. Bc2 b6 13. Re1 Qc7 14. Ne5 d6 15. Nd3 Nfd5 16. Nf1 Bb7 17. Ne3 Rae8 18. a4 e5 19. Bb3 Nxe3 20. fxe3 Nd5 21. Qd2 Nf6 22. Rad1 Re7 23. Nf2 exd4 24. Qxd4 Rd8 25. e4 Re5 26. Bc2 Rd7 27. c4 Re6 28. b3 Rde7 29. Re3 {[%emt 0:02:27] [#]} d5 $1 30. cxd5 Bxd5 31. Bb1 Bc6 32. Qd8+ Qxd8 33. Rxd8+ Kh7 34. Rd4 ({But not} 34. e5+ g6 35. Nd3 (35. exf6 $2 {is the wrong capture.} Rxe3 36. h3 Re1+ 37. Kh2 R7e2 $19) 35... Nd5 $17) 34... g6 35. Bd3 {[%emt 0:00:53] [#] Bc4 would now be deadly.} Kg7 36. h3 h5 37. Bc2 Rd7 38. Red3 Kf8 39. b4 Rxd4 40. Rxd4 Ke7 41. Bb3 {[%emt 0:09:30] The position is equal.} Re5 42. Rc4 Kd6 43. Rd4+ Ke7 44. Rc4 Kd6 45. Rd4+ Ke7 {[%emt 0:00:05] Weighted Error Value: White=0.07 (flawless) /Black=0.04 (flawless) .  Inaccurate:     	White=2     	Black=1      OK:         	White=8     	Black=19     Best:        	White=4     	Black=1} 1/2-1/2